 Dungeon Crawl Stone Soup version 0.22-a0-292-g0df9d5f (webtiles) character file.

5 Amnesiac the Vexing (level 1, 0/10 HPs)
             Began as a Deep Elf Enchanter on Mar 23, 2018.
             Slain by a hobgoblin (5 damage)
             ... on level 1 of the Dungeon.
             The game lasted 00:00:34 (353 turns).

Amnesiac the Vexing (Deep Elf Enchanter)             Turns: 353, Time: 00:00:34

Health: 0/10       AC:  2    Str:  5    XL:     1   Next: 66%
Magic:  5/6        EV: 13    Int: 19    God:
Gold:   0          SH:  0    Dex: 15    Spells: 5/6 levels left

rFire    . . .     SeeInvis .   a - +1 dagger
rCold    . . .     Gourm    .   (no shield)
rNeg     . . .     Faith    .   b - +0 robe
rPois    .         Spirit   .   (no helmet)
rElec    .         Reflect  .   (no cloak)
rCorr    .         Harm     .   (no gloves)
MR       .....                  (no boots)
Stlth    +++.......             (no amulet)
HPRegen  0.03/turn              (no ring)
MPRegen  0.10/turn              (no ring)

@: no status effects
A: no striking features
a: no special abilities


You were on level 1 of the Dungeon.
You were not hungry.

You visited 1 branch of the dungeon, and saw 1 of its levels.

Inventory:

Hand Weapons
 a - a +1 dagger (weapon)
Armour
 b - a +0 robe (worn)
Scrolls
 c - 2 scrolls of identify {!r, unknown}
Potions
 e - 2 potions of lignification {!q, unknown}
Comestibles
 d - a ration


   Skills:
 * Level 1.5 Short Blades
 - Level 2.4 Dodging
 + Level 3.8 Stealth
 - Level 3.0 Spellcasting
 - Level 4.0 Hexes


You had 5 spell levels left.
You knew the following spells:

 Your Spells              Type           Power        Failure   Level  Hunger
a - Corona                Hex            ###....      3%          1    None


Dungeon Overview and Level Annotations

Branches:
Dungeon (1/15)

Altars:


Message History

You hit the kobold.
You kill the kobold!
You see here a kobold corpse.
You start resting.
Magic restored.
You start resting.
HP restored.
You start resting.
All of the chunks of flesh in your inventory have rotted away.
HP restored.
You butcher the goblin corpse.
f - a chunk of flesh You see here a club. x2
A bat is nearby!
A bat is nearby!
A bat is nearby!
Casting: Corona (safe; 3% risk of failure)
Confirm with . or Enter, or press ? or * to list all spells.
Aiming: Corona (safe; 3% risk of failure)
Press: ? - help, Shift-Dir - straight line, f - bat
Aim: a bat (chance to defeat MR: 73%)
The bat is outlined in light.
The bat hits you but does no damage.
You hit the bat.
You kill the bat!
e - 2 murky silvery potions {!q} (gained 1) Magic restored.
Found a club and a hunting sling.
A frilled lizard comes into view.
You see here a scroll labeled YWNEIBL ACUE {!r}.
A frilled lizard is nearby!
c - 2 scrolls labeled YWNEIBL ACUE {!r} (gained 1) All of the chunks of flesh in your inventory have rotted away.
The frilled lizard hisses angrily.
You hear a shout!
A hobgoblin comes into view.
The frilled lizard bites you.
Casting: Corona (safe; 3% risk of failure)
Confirm with . or Enter, or press ? or * to list all spells.
Aiming: Corona (safe; 3% risk of failure)
Press: ? - help, Shift-Dir - straight line, f - frilled lizard
Aim: a frilled lizard (chance to defeat MR: 73%)
The frilled lizard is outlined in light.
The frilled lizard completely misses you.
You barely miss the frilled lizard. The frilled lizard closely misses you.
You hit the frilled lizard but do no damage.
The frilled lizard bites you. The frilled lizard misses you.
You barely miss the frilled lizard.
The hobgoblin hits you but does no damage.
You completely miss the frilled lizard. The frilled lizard bites you.
* * * LOW HITPOINT WARNING * * *
The hobgoblin barely misses you.
You hit the frilled lizard.
You kill the frilled lizard!
The hobgoblin misses you.
Casting: Corona (safe; 3% risk of failure)
Confirm with . or Enter, or press ? or * to list all spells.
Aiming: Corona (safe; 3% risk of failure)
Press: ? - help, Shift-Dir - straight line, f - hobgoblin
Aim: a hobgoblin (chance to defeat MR: 73%)
The hobgoblin is outlined in light.
You hit the hobgoblin but do no damage. The hobgoblin hits you.
Ouch! That really hurt!
You die...

############ ########
##..........#######...)†..
##............##.....######
#.......>.@......#####.....
#........g.....###.......##
#.............##......###..
#.............#....###.....
#....>.......##...#......##
##...........#...#.....### #
##...........#...#....## ...
#...#..#.....#...#....##
....##...........##...#.....###


You could see a hobgoblin.

Vanquished Creatures
  A goblin (D:1)
  A kobold (D:1)
  A bat (D:1)
  A frilled lizard (D:1)
  2 rats (D:1)
6 creatures vanquished.

Notes
Turn   | Place    | Note
-------+----------+-------------------------------------------
     0 | D:1      | Amnesiac the Deep Elf Enchanter began the quest for the Orb.
     0 | D:1      | Reached XP level 1. HP: 10/10 MP: 6/6
   353 | D:1      | Slain by a hobgoblin

Vault maps used:
D:1:      dpeg_arrival_oval, minmay_misc_feat_plants, minmay_misc_feat_encased,
          minmay_pentomino_o2

Action                   || total
-------------------------++-------
Melee: Dagger            ||    21
 Cast: Corona            ||     7
Armor: Robe              ||     2
Dodge: Dodged            ||    11

Table legend:
 A = Spawn XP
 B = Non-spawn XP
 C = Spawn XP percentage of total XP
 D = Spawn monster count
 E = Non-spawn monster count
 F = Spawn count percentage of total count
 G = Total turns spent on level
                    A         B        C        D         E        F      G
               +---------+---------+-------+---------+---------+-------+---------
         Total |       0 |       8 |   0.0 |       0 |       6 |   0.0 |   353
               +---------+---------+-------+---------+---------+-------+---------
           D:1 |       0 |       8 |   0.0 |       0 |       6 |   0.0 |   353
               +---------+---------+-------+---------+---------+-------+---------
